 Dungeon Crawl Stone Soup version 0.31.0-11-ge490571c62 (webtiles) character file.

Game seed: 5363501747832016321

439 browni3141 the Chopper (level 6, 0/57 HPs)
             Began as a Minotaur Fighter on Jan 28, 2024.
             Succumbed to a water moccasin's poison
             ... on level 5 of the Dungeon.
             The game lasted 00:01:12 (1280 turns).

browni3141 the Chopper (Minotaur Fighter)           Turns: 1280, Time: 00:01:13

Health: 0/57       AC:  6    Str: 22    XL:     6   Next: 70%
Magic:  5/5        EV:  9    Int:  5    God:
Gold:   39         SH:  4    Dex: 10    Spells: 5/5 levels left

rFire   . . .        a - +0 war axe
rCold   . . .        c - +0 buckler
rNeg    . . .        b - +0 scale mail
rPois   .            (helmet restricted)
rElec   .            (no cloak)
rCorr   .            (no gloves)
SInv    .            (no boots)
Will    .....        (no amulet) Stlth
                     (no ring)
HPRegen 0.29/turn    (no ring)
MPRegen 0.09/turn

%: no passive effects
@: lethally poisoned (0 -> -6)
A: horns 2, retaliatory headbutt
a: no special abilities


You were on level 5 of the Dungeon.
You visited 2 branches of the dungeon, and saw 6 of its levels.

You collected 109 gold pieces.
You spent 70 gold pieces at shops.

Inventory:

Hand Weapons
 a - a +0 war axe (weapon)
Armour
 b - a +0 scale mail (worn)
 c - a +0 buckler (worn)
Jewellery
 m - an amulet of magic regeneration
Scrolls
 f - a scroll of blinking
 g - a scroll of fog
 h - a scroll of enchant armour
 i - a scroll of revelation
 j - 2 scrolls of enchant weapon
 l - a scroll of immolation
 o - a scroll of noise
Potions
 d - a potion of might
 k - a potion of curing {unknown}
 n - a potion of berserk rage {unknown}


   Skills:
 + Level 6.1 Fighting
 * Level 7.2 Axes
 - Level 3.6 Armour
 - Level 3.6 Shields


You had 5 spell levels left.
You didn't know any spells.
Your spell library was empty.

Dungeon Overview and Level Annotations

Branches:
Dungeon (5/15)             Temple (1/1) D:5

Altars:
Ashenzari
Cheibriados
Dithmenos
Elyvilon
Fedhas
Gozag
Hepliaklqana
Kikubaaqudgha
Nemelex Xobeh
Qazlal
Ru
Sif Muna
Trog
Uskayaw
Vehumet
Xom
Yredelemnul
Zin
The Shining One

Shops:
D:4 **


Innate Abilities, Weirdness & Mutations

You have a pair of horns on your head.
You reflexively headbutt those who attack you in melee.


Message History

i - a scroll of revelation
As you read the scroll of identify, it crumbles to dust.
j - 2 scrolls of enchant weapon
As you read the scroll of identify, it crumbles to dust.
l - a scroll of immolation Search for what [Enter for "oka", or ? for help]? trog
There is a stone staircase leading down here.
You climb downwards.
There is a stone staircase leading up here.
An ice beast comes into view.
The ice beast moves out of view.
You can't go down here!
Unknown command.
Unknown command.
Unknown command.
You block the ice beast's attack.
You hit the ice beast.
The ice beast is moderately wounded.
The ice beast hits you but does no damage.
You slash the ice beast! Your headbutt misses the ice beast.
The ice beast is heavily wounded.
The ice beast hits you but does no damage.
You slash the ice beast!
The ice beast is severely wounded.
You block the ice beast's attack.
You hit the ice beast but do no damage.
The ice beast is severely wounded.
You block the ice beast's attack.
The ice beast hits you but does no damage.
You slash the ice beast!
You kill the ice beast!
Your Fighting skill increases to level 6!
Your Axes skill increases to level 7!
No target in view!
No target in view!
Found a stone staircase leading down.
There is a stone staircase leading down here.
A hound comes into view.
The hound barks!
A hound is nearby!
A hound is nearby!
A hound is nearby!
You slash the hound!
The hound is almost dead.
The hound bites you but does no damage. x2
You barely miss the hound.
You headbutt the hound, but do no damage.
The hound is almost dead.
The hound barely misses you. You block the hound's attack.
You completely miss the hound.
The hound is almost dead.
The hound closely misses you. You furiously retaliate!
You headbutt the hound.
You kill the hound!
No target in view!
Key pressed, stopping explore.
An ice beast comes into view.
An ice beast is nearby!
An ice beast is nearby!
An ice beast is nearby!
A water moccasin comes into view.
The water moccasin bites you.
You miss the water moccasin. The water moccasin bites you.
You hit the water moccasin but do no damage.
Your headbutt misses the water moccasin.
The water moccasin bites you! The water moccasin bites you.
You are poisoned.
The water moccasin poisons you!
You miss the water moccasin.
Your headbutt misses the water moccasin.
You feel very sick.
The water moccasin completely misses you.
You closely miss the water moccasin.
You feel sick. The water moccasin bites you.
You are more poisoned.
The water moccasin poisons you! You block the water moccasin's attack.
You slash the water moccasin!
The water moccasin is heavily wounded.
You feel very sick. The water moccasin barely misses you.
You furiously retaliate!
You headbutt the water moccasin. The water moccasin barely misses you.
You closely miss the water moccasin.
You headbutt the water moccasin, but do no damage.
The water moccasin is severely wounded.
You feel very sick. The water moccasin barely misses you.
You barely miss the water moccasin.
The water moccasin is severely wounded.
You feel very sick. The water moccasin bites you.
The water moccasin barely misses you. You furiously retaliate!
You headbutt the water moccasin. You closely miss the water moccasin.
The water moccasin is severely wounded.
You feel very sick. The water moccasin bites you.
The water moccasin bites you but does no damage.
You are too injured to fight recklessly!
You closely miss the water moccasin.
Your headbutt misses the water moccasin.
The water moccasin is severely wounded.
You die...

#.# #.### #.###...##
#.#......######
#.#...........#
#.#.......###.#
#.#.......# #.#
#.#.......###.#
##.#####.......####.####
................@SY.....
########################
##.....# ##.....##.
.......... .. #......#.#
.### #.######.#
#........ #.### #.##...
..... #...# #.#..#
......


You could see a water moccasin and an ice beast.

Vanquished Creatures
  Sigmund (D:4)
  An ice beast (D:5)
  2 hounds
  An orc priest (D:5)
  An orc wizard (D:5)
  Robin (D:4)
  2 adders
  A ribbon worm (D:2)
  5 dart slugs
  6 orcs
  A ball python (D:2)
  3 endoplasms
  A giant cockroach (D:4)
  7 goblins
  4 hobgoblins
  A bat (D:2)
  A kobold (D:4)
39 creatures vanquished.

Notes
Turn   | Place    | Note
-------+----------+-------------------------------------------
     0 | D:1      | browni3141 the Minotaur Fighter began the quest for the
                  | Orb.
     0 | D:1      | Reached XP level 1. HP: 19/19 MP: 0/0
   103 | D:2      | Reached skill level 3 in Axes
   103 | D:2      | Found a shadowy altar of Dithmenos.
   109 | D:2      | Reached XP level 2. HP: 26/27 MP: 1/1
   140 | D:2      | Reached XP level 3. HP: 28/33 MP: 2/2
   303 | D:4      | Found Jetrejeu's General Store.
   390 | D:4      | Found Xoarara's Assorted Antiques.
   395 | D:4      | Bought a scroll labelled JISMAI EDEM for 31 gold pieces
   484 | D:4      | Reached skill level 4 in Axes
   583 | D:4      | Noticed Robin
   594 | D:4      | Killed Robin
   595 | D:4      | Reached XP level 4. HP: 39/41 MP: 3/3
   760 | D:4      | Noticed Sigmund
   767 | D:4      | Killed Sigmund
   768 | D:4      | Reached skill level 5 in Fighting
   768 | D:4      | Reached skill level 6 in Axes
   768 | D:4      | Reached XP level 5. HP: 20/48 MP: 4/4
   951 | D:5      | Entered Level 5 of the Dungeon
   957 | D:5      | Reached XP level 6. HP: 45/56 MP: 5/5
  1081 | D:5      | Found a staircase to the Ecumenical Temple.
  1100 | Temple   | Entered the Ecumenical Temple
  1139 | D:4      | Bought a scroll of identify for 26 gold pieces
  1139 | D:4      | Bought a scroll of noise for 13 gold pieces
  1159 | D:5      | Noticed an ice beast
  1168 | D:5      | Killed an ice beast
  1169 | D:5      | Reached skill level 7 in Axes
  1269 | D:5      | Noticed an ice beast
  1270 | D:5      | Noticed a water moccasin
  1279 | D:5      | HP: 2/57 [water moccasin (6)]
  1280 | D:5      | Succumbed to a water moccasin's poison

Illustrated notes

Levels and vault maps discovered:
D:1:      lemuel_arrival_river_ford, layout_basic, ebering_ecumenical_altar_rust
D:2:      layout_basic, basic_altar
D:3:      minmay_chambers_of_twos, layout_basic, serial_glass, glass_columns_b,
          glass_columns_b, glass_columns_b
D:4:      layout_loops_ring, serial_shops, shop, nicolae_take_the_stairs,
          uniq_robin, uniq_sigmund
D:5:      layout_basic, minmay_temple_entry_tees
Temple:   compressed_dpeg_triangle_lava_temple

Skill      XL: |  1  2  3  4  5  6 |
---------------+-------------------+-----
Axes           | 3 4 6 7 |  7.2
Fighting       | 4 5 6 |  6.1
Armour         | |  3.6
Shields        | |  3.6

Action                     |  1- 3 |  4- 6 || total
---------------------------+-------+-------++-------
  Melee: War axe           |    48 |    49 ||    97
         Headbutt          |     7 |     7 ||    14
    Use: Scroll            |       |     6 ||     6
 Armour: Scale mail        |    32 |    41 ||    73
  Dodge: Dodged            |    17 |    19 ||    36
  Block: Buckler           |     9 |    11 ||    20
